 Dungeon Crawl Stone Soup version 0.17-a0-186-g8d083fd (webtiles) character file.

24369 karlm the Warrior (level 13, -5/225 HPs)
             Began as an Ogre Hunter on Mar 26, 2015.
             Was a High Priest of Trog.
             Slain by a catoblepas (8 damage)
             ... on level 4 of the Lair of Beasts.
             The game lasted 01:02:41 (19478 turns).

karlm the Warrior (Ogre Hunter)                    Turns: 19478, Time: 01:02:41

Health: -5/225     AC: 14    Str: 27    XL:     13   Next: 12%
Magic:  27/27      EV: 12    Int: 14    God:    Trog [*****.]
Gold:   672        SH: 13    Dex: 14    Spells: 0 memorised, 12 levels left

rFire  . . .     SeeInvis +     e - +1 flail (protect)
rCold  + + .     Rnd*Rage +     w - +2 robe {rC+}
rNeg   . . .     SustAb   .     d - +4 shield of Fiarah {-Cast MP+9 Int+4 Dex+2}
rPois  +         Gourm    +     r - +2 hat {SInv}
rElec  .         Spirit   .     Z - +1 cloak {+Inv}
rCorr  .         Warding  .     (gloves unavailable)
rMut   .         Stasis   .     (boots unavailable)
MR     +....     NoCast   +     s - amulet of the gourmand
Stlth  ..........               j - ring of protection from cold
                                x - ring of poison resistance

@: berserking (expiring), very quick, somewhat resistant to hostile
enchantments, extremely unstealthy
A: unfitting armour, berserk 2, spit poison 1, tough skin 1
a: Spit Poison, Burn Spellbooks, Berserk, Trog's Hand, Brothers in Arms,
Renounce Religion, Evoke Invisibility


You were on level 4 of the Lair of Beasts.
You worshipped Trog.
Trog was extremely pleased with you.
You were completely stuffed.

You visited 3 branches of the dungeon, and saw 16 of its levels.
You also visited: Ossuary.

You collected 832 gold pieces.
You spent 160 gold pieces at shops.

Inventory:

Hand weapons
 e - a +1 flail of protection (weapon)
 E - a +0 blowgun
 T - a +1 giant spiked club
Missiles
 c - 3 throwing nets
 o - 3 curare-tipped needles
 B - 17 large rocks
 F - 58 poisoned needles
 J - 8 tomahawks
 Y - 2 tomahawks of returning (quivered)
Armour
 d - the +4 shield of Fiarah (worn) {-Cast MP+9 Int+4 Dex+2}
   (You acquired it on level 1 of the Lair of Beasts)

   It affects your intelligence (+4).
   It affects your dexterity (+2).
   It affects your magic capacity (+9).
   It prevents spellcasting.
 r - a +2 hat of see invisible (worn)
 w - a +2 robe of cold resistance (worn)
 Z - a +1 cloak of invisibility (worn)
Jewellery
 j - a ring of protection from cold (right hand)
 s - an amulet of the gourmand (around neck)
 x - a ring of poison resistance (left hand)
 z - an uncursed amulet of guardian spirit
Magical devices
 D - a wand of draining (12)
 G - a wand of hasting (9)
 U - a wand of fireball (8)
 X - a wand of paralysis (11)
Scrolls
 b - 2 scrolls of identify
 n - 6 scrolls of teleportation
 p - 7 scrolls of remove curse
 t - 2 scrolls of silence
 H - a scroll of enchant armour
 I - 3 scrolls of fog
 L - 5 scrolls of fear
 Q - 3 scrolls of blinking
Potions
 a - 7 potions of restore abilities
 i - a potion of might {unknown}
 k - a potion of magic
 l - 2 potions of flight
 m - 6 potions of curing
 A - 3 potions of heal wounds
 K - a potion of invisibility
 M - 7 potions of agility
Comestibles
 h - 9 beef jerkies
 W - a bread ration


   Skills:
 * Level 15.4 Fighting
 * Level 14.9 Maces & Flails
 + Level 10.3 Throwing
 + Level 8.4 Dodging
 - Level 1.2 Stealth
 + Level 2.9 Shields
 + Level 3.1 Evocations


You had 12 spell levels left.
You didn't know any spells.

Dungeon Overview and Level Annotations

Branches:
Dungeon (11/15)            Temple (1/1) D:6            Lair (4/8) D:10
    Orc (0/4) D:10
  Swamp: Lair:3-6    Shoals: Lair:3-6     Snake: Lair:3-6    Spider: Lair:3-6

Altars:
Ashenzari
Cheibriados
Dithmenos
Elyvilon
Fedhas
Gozag
Kikubaaqudgha
Makhleb
Nemelex Xobeh
Okawaru
Qazlal
Ru
Sif Muna
Trog
Vehumet
Xom
Yredelemnul
Zin
The Shining One

Shops:
D:5 *   D:9 :


Innate Abilities, Weirdness & Mutations

You are too large for most types of armour.
You have tough skin (AC +1).
You often lose your temper in combat.
You can spit poison.


Message History

* * * LOW HITPOINT WARNING * * *
You are engulfed in calcifying dust.
The catoblepas gores you!!
* * * LOW HITPOINT WARNING * * *
You are engulfed in calcifying dust.
The catoblepas completely misses you.
You are engulfed in calcifying dust.
The catoblepas gores you!
* * * LOW HITPOINT WARNING * * *
You are engulfed in calcifying dust.
The catoblepas gores you!
* * * LOW HITPOINT WARNING * * *
You are engulfed in calcifying dust.
The catoblepas breathes a plume of calcifying dust at you.
The blast of calcifying dust hits you!
The catoblepas gores you but does no damage.
The catoblepas gores you!!
* * * LOW HITPOINT WARNING * * *
You turn to flesh and can move again.
You are too berserk!
You hit the catoblepas!
The catoblepas is moderately wounded.
The catoblepas gores you!
You die...

..8. .....# # .8...Y##.
..... ........# ## #.....##
#......## #.###......#.
...#..%.##..##P.....#..###
....#..8.+.................
..........#.................
......#+#Y@ยงยงยง...P.......
..#...............(###.##
#......#.##.#.........#
#.......###....###.##.#
##......#.....#..##.#
#P......#...........####..
##...................P....
#............PP......#>...
###...........P#P..........


You could see a catoblepas.

Vanquished Creatures
  Gastronok (D:8)
  Josephine (D:11)
  An unseen horror (D:11)
  2 hill giants (D:10)
  3 cyclopes (D:11)
  An ugly thing (D:11)
  A griffon (Lair:3)
  Maurice (D:11)
  8 elephants
  Joseph (D:8)
  Psyche (D:8)
  4 spiny frogs
  A komodo dragon (Lair:3)
  5 blink frogs (Lair:1)
  A troll (D:11)
  2 basilisks
  5 wraiths
  10 yaks
  2 deep elf magi (D:9)
  4 hippogriffs
  A wyvern (Lair:2)
  A hungry ghost (D:11)
  15 wolves
  4 water moccasins
  3 porcupines
  2 ice beasts
  A phantom (D:6)
  A black bear (D:9)
  4 orc warriors
  5 ogres
  An eye of draining (D:9)
  A sky beast (D:6)
  A necrophage (D:6)
  5 crocodiles
  Sigmund (D:5)
  4 big kobolds
  13 giant frogs
  3 water moccasin zombies
  3 scorpions
  8 killer bees
  5 wights (D:9)
  A goliath beetle (D:9)
  An electric eel (D:8)
  4 orc priests
  3 crimson imps
  A jelly (D:9)
  3 giant frog skeletons
  4 centaur skeletons
  7 hounds
  15 orc wizards
  6 iguanas
  7 worker ants
  4 sheep (D:11)
  A killer bee zombie (D:5)
  3 big kobold zombies (Ossuary)
  Ijyb (D:5)
  2 mummies (Ossuary)
  A hound skeleton (D:6)
  3 worker ant zombies
  12 adders
  3 gnolls (D:7)
  21 river rats
  2 worms
  A giant mite (D:8)
  6 shadow imps
  4 adder zombies
  3 adder skeletons
  A sheep skeleton (D:11)
  6 giant geckos
  An ooze (D:1)
  35 orcs
  16 bats
  9 giant cockroaches
  2 gnoll zombies (Ossuary)
  17 hobgoblins
  13 jackals
  10 quokkas
  A giant gecko zombie (D:8)
  5 giant newts
  12 goblins
  4 hobgoblin zombies (Ossuary)
  A jackal skeleton (D:4)
  A jackal zombie (D:8)
  27 kobolds
  6 kobold zombies (Ossuary)
  7 orc zombies
  18 rats
  2 rat zombies (D:8)
  3 plants
453 creatures vanquished.

Notes
Turn   | Place    | Note
--------------------------------------------------------------
     0 | D:1      | karlm, the Ogre Hunter, began the quest for the Orb.
     0 | D:1      | Reached XP level 1. HP: 22/22 MP: 1/1
   302 | D:1      | Reached skill level 1 in Stealth
   308 | D:1      | Reached XP level 2. HP: 21/31 MP: 2/2
   843 | D:1      | Reached XP level 3. HP: 29/37 MP: 3/3
  1593 | D:1      | Reached skill level 1 in Maces & Flails
  2065 | D:2      | Reached XP level 4. HP: 40/48 MP: 4/4
  2994 | D:3      | Reached skill level 5 in Fighting
  2994 | D:3      | Reached XP level 5. HP: 54/57 MP: 5/5
  3245 | D:3      | Found a radiant altar of Vehumet.
  3247 | D:3      | Found a sacrificial altar of Ru.
  3248 | D:3      | Found an iron altar of Okawaru.
  3248 | D:3      | Found a glowing silver altar of Zin.
  4358 | D:4      | Noticed an ogre
  4360 | D:4      | Killed an ogre
  4360 | D:4      | Reached skill level 5 in Throwing
  4360 | D:4      | Reached XP level 6. HP: 64/67 MP: 6/6
  4497 | D:5      | Entered Level 5 of the Dungeon
  4507 | D:4      | Reached skill level 6 in Fighting
  4829 | D:5      | Reached XP level 7. HP: 75/75 MP: 7/7
  4982 | D:5      | Noticed Ijyb
  5008 | D:5      | Killed Ijyb
  5194 | D:5      | Noticed Sigmund
  5208 | D:5      | Killed Sigmund
  5379 | D:5      | Found Vemo's General Store.
  5385 | D:5      | Bought a potion of haste for 100 gold pieces
  5385 | D:5      | Bought 3 scrolls of fog for 60 gold pieces
  5710 | D:6      | Reached skill level 5 in Maces & Flails
  5747 | D:6      | Reached skill level 7 in Fighting
  6041 | D:6      | Reached XP level 8. HP: 78/87 MP: 6/8
  6380 | D:6      | Found a staircase to the Ecumenical Temple.
  6406 | Temple   | Entered the Ecumenical Temple
  6423 | Temple   | Became a worshipper of Trog the Wrathful
  6693 | D:6      | Reached skill level 8 in Fighting
  6798 | D:6      | Found a white marble altar of Elyvilon.
  7275 | D:7      | Found a stormy altar of Qazlal.
  7498 | D:7      | Found a shimmering altar of Xom.
  7616 | D:7      | Reached skill level 9 in Fighting
  7675 | D:7      | Reached XP level 9. HP: 98/98 MP: 9/9
  8133 | D:8      | Noticed Joseph
  8186 | D:8      | Acquired Trog's first power
  8320 | D:8      | Killed Joseph
  8320 | D:8      | Reached skill level 10 in Fighting
  8358 | D:8      | Found a sand-covered staircase.
  8372 | Ossuary  | Entered an ossuary
  8391 | Ossuary  | Reached skill level 5 in Dodging
  8775 | D:8      | Noticed Psyche
  8778 | D:8      | Killed Psyche
  9997 | D:8      | Reached XP level 10. HP: 111/111 MP: 10/10
 10015 | D:8      | Noticed Gastronok
 10031 | D:8      | Killed Gastronok
 10031 | D:8      | Reached skill level 11 in Fighting
 10031 | D:8      | Reached skill level 10 in Maces & Flails
 10785 | D:8      | Reached skill level 12 in Fighting
 11155 | D:9      | Acquired Trog's second power
 11528 | D:9      | Reached XP level 11. HP: 105/124 MP: 11/11
 12024 | D:9      | Found Upausa's Book Shoppe.
 12214 | D:9      | Found a deep blue altar of Sif Muna.
 12348 | D:10     | Entered Level 10 of the Dungeon
 12599 | D:10     | Reached skill level 13 in Fighting
 12609 | D:10     | Found a staircase to the Lair.
 12660 | D:10     | Noticed a hill giant
 12719 | D:10     | Killed a hill giant
 13182 | D:10     | Noticed a hill giant
 13205 | D:10     | Killed a hill giant
 13387 | D:10     | Found a staircase to the Orcish Mines.
 13661 | D:11     | Noticed Josephine
 14072 | D:11     | Killed Josephine
 14134 | D:11     | Reached skill level 14 in Fighting
 14134 | D:11     | Reached XP level 12. HP: 103/139 MP: 9/12
 14265 | D:11     | Noticed Maurice
 14268 | D:11     | Paralysed by Maurice for 3 turns
 14278 | D:11     | Killed Maurice
 14496 | D:11     | Noticed an unseen horror
 14505 | D:11     | Killed an unseen horror
 14665 | D:11     | Reached skill level 1 in Evocations
 15091 | Lair:1   | Entered Level 1 of the Lair of Beasts
 15099 | Lair:1   | Identified 2 scrolls of acquirement
 15102 | Lair:1   | Got a smoking robe
 15114 | Lair:1   | Identified the +0 robe of Leapfrog {rCorr Str+8} (You acquired it on level 1 of the Lair of Beasts)
 15166 | Lair:1   | Got a slimy shield
 15172 | Lair:1   | Identified the +4 shield of Fiarah {-Cast MP+9 Int+4 Dex+2} (You acquired it on level 1 of the Lair of Beasts)
 15340 | Lair:1   | Acquired Trog's third power
 15953 | Lair:1   | Reached skill level 1 in Shields
 17865 | Lair:3   | Reached skill level 10 in Throwing
 17898 | Lair:3   | Reached skill level 15 in Fighting
 18601 | Lair:4   | Reached XP level 13. HP: 123/150 MP: 18/18
 18671 | Lair:3   | Received a gift from Trog
 19229 | Lair:1   | Gained mutation: You can spit poison. [potion of mutation]
 19229 | Lair:1   | Gained mutation: You tend to lose your temper in combat. [potion of mutation]
 19229 | Lair:1   | Gained mutation: You often lose your temper in combat. [potion of mutation]
 19436 | Lair:4   | Noticed a catoblepas
 19477 | Lair:4   | HP: 3/225 [catoblepas (14)]
 19478 | Lair:4   | Slain by a catoblepas

Action                   |  1- 3 |  4- 6 |  7- 9 | 10-12 | 13-15 || total
-------------------------+-------+-------+-------+-------+-------++-------
Melee: Short sword       |   179 |       |       |       |       ||   179
       Mace              |    14 |   135 |       |       |       ||   149
       Morningstar       |       |    40 |   438 |       |       ||   478
       Giant club        |       |    23 |       |     6 |       ||    29
       Flail             |       |       |       |  1033 |    75 ||  1108
 Fire: Blowgun           |       |       |     6 |    49 |       ||    55
Throw: Large rock        |     4 |    17 |    23 |    53 |       ||    97
       Throwing net      |       |       |     1 |     4 |       ||     5
       Stone             |       |       |       |     1 |       ||     1
       Tomahawk          |       |       |       |    20 |       ||    20
Invok: Berserk           |       |       |       |     1 |       ||     1
Evoke: Wand              |       |       |     2 |       |       ||     2
  Use: Scroll            |       |    10 |     7 |    11 |     1 ||    29
       Potion            |       |     1 |     3 |     1 |     4 ||     9
 Stab: Sleeping          |       |     2 |     1 |       |       ||     3
  Eat: Chunk             |     4 |     9 |    16 |    45 |     3 ||    77
